 Dungeon Crawl Stone Soup version 0.31-a0-702-gf82c85558f (webtiles) character file.

Game seed: 14054977340869477012

1807 javelincjr the Ruffian (level 8, -3/79 HPs)
             Began as a Troll Shapeshifter on Sept 8, 2023.
             Slain by an ogre
             ... wielding a +0 giant club
              (16 damage)
             ... on level 5 of the Dungeon.
             The game lasted 00:13:57 (3733 turns).

javelincjr the Ruffian (Troll Shapeshifter)         Turns: 3733, Time: 00:13:57

Health: -3/79      AC:  4    Str: 25    XL:     8   Next: 84%
Magic:  7/7        EV: 10    Int:  6    God:
Gold:   199        SH:  0    Dex:  9    Spells: 7/7 levels left

rFire   + + .        F - +2 flail (drain)
rCold   . . .        (no shield)
rNeg    . . .        I - +0 robe {rF+}
rPois   .            (helmet currently unavailable)
rElec   .            (cloak currently unavailable)
rCorr   .            (gloves unavailable)
SInv    .            (boots unavailable)
Will    .....        u - amulet of the acrobat
Stlth   +            l - ring of protection from fire
HPRegen 1.13/turn    r - +4 ring of slaying
MPRegen 0.10/turn

%: acrobat
@: beast-form
A: beast (slay +3), large, unfitting armour, claws 3, regeneration 1, shaggy fur
1, tough skin 1
a: Begin Untransformation


You were on level 5 of the Dungeon.
You were a hulking beast.
You visited 1 branch of the dungeon, and saw 5 of its levels.
You also visited: Ossuary.

You collected 199 gold pieces.

Inventory:

Hand Weapons
 F - a +2 flail of draining (weapon)
Missiles
 H - 7 poisoned darts
Armour
 a - a +0 animal skin
 I - a +0 robe of fire resistance (worn)
Jewellery
 l - a ring of protection from fire (left claw)
 n - an amulet of faith
 r - a +4 ring of slaying (right claw)
 u - an amulet of the acrobat (around neck)
Talismans
 c - a beast talisman (active)
 d - a flux talisman
 o - a maw talisman
 q - a serpent talisman
Wands
 x - a wand of charming (12)
Scrolls
 e - 2 scrolls of blinking {unknown}
 f - 2 scrolls of vulnerability {unknown}
 g - a scroll of fear {unknown}
 h - 3 scrolls of revelation {unknown}
 j - 7 scrolls of identify {unknown}
 m - 2 scrolls of acquirement {unknown}
 s - a scroll of enchant weapon {unknown}
 t - 3 scrolls of teleportation {unknown}
 v - 2 scrolls of brand weapon {unknown}
 w - 2 scrolls of fog {unknown}
 y - a scroll of enchant armour {unknown}
 A - a scroll of poison {unknown}
 B - a scroll of immolation {unknown}
 K - a scroll of amnesia {unknown}
Potions
 b - 2 potions of lignification
 i - a potion of ambrosia {unknown}
 k - 7 potions of heal wounds {unknown}
 p - a potion of might {unknown}
 z - 2 potions of attraction {unknown}
 C - 4 potions of enlightenment {unknown}
 D - 2 potions of curing {unknown}
 E - a potion of magic {unknown}
 G - a potion of degeneration {unknown}
 J - a potion of resistance {unknown}


   Skills:
 + Level 4.6 Fighting
 + Level 5.0 Dodging
 + Level 6.4 Unarmed Combat
 + Level 6.0 Shapeshifting


You had 7 spell levels left.
You didn't know any spells.
Your spell library contained the following spells:

 Spells                   Type           Power      Damage    Failure   Level
 Kiss of Death            Conj/Necr      0%         2d5       45%         1
 Confusing Touch          Hex            0%         N/A       83%         3
 Dispel Undead            Necr           0%         3d6       99%         4


Dungeon Overview and Level Annotations

Branches:
Dungeon (5/15)            Ossuary (visited)
 Temple: D:4-7

Altars:
Cheibriados
Elyvilon
Ru
Trog
Uskayaw
Vehumet
Zin
The Shining One

Shops:
D:4 :


Innate Abilities, Weirdness & Mutations

You are a hulking beast.
Your limbs bulge with bestial killing power. (Slay +3)
You are too large for most types of armour.
You have claws for hands.
Your natural rate of healing is unusually fast.
You are covered in fur. (AC +1)
You have tough skin. (AC +1)


Message History

The sleepcap misses you. The sleepcap releases spores at you.
You are engulfed in a cloud of soporific spores!
You fall asleep.
The sleepcap releases spores at you!
You wake up.
The sleepcap barely misses you. The sleepcap attacks as it pursues you!
The sleepcap releases spores at you.
You are engulfed in a cloud of soporific spores!
You are unaffected.
You sock the sleepcap! You drain the sleepcap.
The sleepcap is heavily damaged.
The sleepcap releases spores at you.
You thump the sleepcap! You drain the sleepcap.
You destroy the sleepcap!
The white imp hits you. The white imp freezes you.
Your Shapeshifting skill increases to level 6!
You sock the white imp!
The white imp is severely wounded.
The white imp gestures at you. The puff of frost hits you.
You sock the white imp!
You kill the white imp!
Your Dodging skill increases to level 5!
You sock the sleepcap!
You destroy the sleepcap!
An ogre comes into view. It is wielding a +0 giant club.
The ogre shouts!
There is an open door here.
There is an open door here.
You barely miss the ogre.
The ogre hits you with a +0 giant club!!
You are too injured to fight recklessly!
You are too injured to fight recklessly!
You sock the ogre! You drain the ogre.
The ogre is severely wounded.
The ogre hits you with a +0 giant club!!
* * * LOW HITPOINT WARNING * * *
You barely miss the ogre.
The ogre is severely wounded.
The ogre hits you with a +0 giant club!
You die...

...<[.....#
... #
####.###..#
# ... .
#........#
#...##.####
#.#.####.#
.#..#.....
...#.# .#
.........
####.####.#
#......!.
#........#
#.#
#....#####
#O# #....#
##h####
#....#
######.....#
#....#
#..........#
#....#
#.####.....#
##....# #.#
#.....#
...####
#.######..##
##.##
#.#.....#.#
#..#
#.#.....#.#
##.##
#.#.....'.#


You could see an ogre (drained).

Vanquished Creatures
  An ice beast (D:5)
  An ogre (D:5)
  The ghost of spiderkeys the Shield-Bearer, an amateur DgFi (D:4)
  2 elf skeletons (D:4)
  10 scorpions
  A howler monkey (D:4)
  A centaur zombie (Ossuary)
  A human zombie (Ossuary)
  A hound (D:4)
  A jelly (D:4)
  An orc priest (D:4)
  Jessica (D:2)
  2 human skeletons (D:4)
  3 sleepcaps
  Ijyb (D:4)
  An iguana (D:4)
  Natasha (thrice) (D:2)
  An orc wizard (D:4)
  5 scorpion zombies (Ossuary)
  3 mummies (Ossuary)
  3 gnolls (D:4)
  6 adders
  A white imp (D:5)
  An ufetubus (D:4)
  3 worms (D:2)
  2 dart slugs (D:1)
  5 orcs
  9 ball pythons
  9 endoplasms
  A giant cockroach (D:3)
  4 gnoll zombies (Ossuary)
  8 goblins
  6 hobgoblins
  A quokka (D:4)
  2 bats
  2 frilled lizards
  2 hobgoblin zombies (Ossuary)
  10 kobolds
  6 kobold zombies (Ossuary)
  2 orc skeletons (D:4)
  2 orc zombies (Ossuary)
  3 rats
129 creatures vanquished.

Notes
Turn   | Place    | Note
-------+----------+-------------------------------------------
     0 | D:1      | javelincjr the Troll Shapeshifter began the quest for the
                  | Orb.
     0 | D:1      | Reached XP level 1. HP: 18/18 MP: 0/0
   170 | D:1      | Reached skill level 1 in Fighting
   181 | D:1      | Reached XP level 2. HP: 27/27 MP: 1/1
   664 | D:1      | Reached XP level 3. HP: 30/33 MP: 2/2
   962 | D:2      | Noticed Natasha
   968 | D:2      | Killed Natasha
  1003 | D:2      | Reached XP level 4. HP: 41/41 MP: 3/3
  1009 | D:2      | Found a snail-covered altar of Cheibriados.
  1026 | D:2      | Noticed Jessica
  1035 | D:2      | Killed Jessica
  1350 | D:2      | Noticed Natasha
  1353 | D:2      | Killed Natasha
  1354 | D:2      | Reached XP level 5. HP: 49/49 MP: 4/4
  1396 | D:2      | Noticed Natasha
  1403 | D:2      | Killed Natasha
  1565 | D:3      | Found a hide-covered altar of Uskayaw.
  1665 | D:3      | Found a glowing golden altar of the Shining One.
  1665 | D:3      | Found a white marble altar of Elyvilon.
  1665 | D:3      | Found a glowing silver altar of Zin.
  1697 | D:3      | Found a sacrificial altar of Ru.
  1860 | D:3      | Found a faded altar of an unknown god.
  2299 | D:4      | Noticed Ijyb
  2303 | D:4      | Reached XP level 6. HP: 59/59 MP: 5/5
  2316 | D:4      | Killed Ijyb
  2426 | D:4      | Found a sand-covered staircase.
  2431 | Ossuary  | Entered an ossuary
  2465 | Ossuary  | Reached XP level 7. HP: 67/67 MP: 6/6
  2511 | Ossuary  | Reached skill level 5 in Unarmed Combat
  2618 | Ossuary  | Reached skill level 5 in Shapeshifting
  2697 | Ossuary  | Reached XP level 8. HP: 77/78 MP: 7/7
  3029 | D:4      | Found a radiant altar of Vehumet.
  3047 | D:4      | Found a bloodstained altar of Trog.
  3122 | D:4      | Found a large runed translucent door.
  3122 | D:4      | Found a large runed translucent door.
  3124 | D:4      | Noticed spiderkeys's ghost (amateur DgFi)
  3288 | D:4      | Found Ryunev's Self-Improvement Boutique.
  3558 | D:4      | Killed spiderkeys's ghost
  3615 | D:5      | Entered Level 5 of the Dungeon
  3725 | D:5      | Reached skill level 5 in Dodging
  3733 | D:5      | Slain by an ogre

Illustrated notes

Levels and vault maps discovered:
D:1:      scummos_arrival_hexagon, layout_loops_corners
D:2:      layout_loops_ring, basic_altar, uniq_natasha, uniq_jessica
D:3:      layout_loops_ring, good_gods_mini_temple,
          mainiacjoe_overflow_alcove_2, nicolae_ru_sacrificial_ziggurat,
          basic_ecumenical_altar, columned_hall_lemuel
D:4:      minmay_door_path, layout_rooms, nicolae_overflow_crystal_walls,
          mainiacjoe_overflow_paths, nicolae_ossuary_entry_catacombs,
          ebering_ghost_disaster_area, wad_floor_pattern_1,
          nicolae_shop_self_help, uniq_ijyb
D:5:      lemuel_insect_pit, layout_basic

Skill      XL: |  1  2  3  4  5  6  7  8 |
---------------+-------------------------+-----
Fighting       | 1 2 3 4 |  4.6
Dodging        | 2 3 4 5 |  5.0
Unarmed Combat | 4 5 6 |  6.4
Shapeshifting  | 4 5 6 |  6.0

Action                     |  1- 3 |  4- 6 |  7- 9 || total
---------------------------+-------+-------+-------++-------
  Melee: Unarmed           |    67 |   110 |   115 ||   292
         Punch             |       |     4 |     3 ||     7
         Flail             |       |       |    64 ||    64
   Stab: Sleeping          |     1 |     1 |       ||     2
 Armour: Animal skin       |    35 |    41 |    99 ||   175
         Robe              |       |       |    30 ||    30
  Dodge: Dodged            |    19 |    52 |    85 ||   156

Table legend: (Time is in decaauts)
 A = Elapsed time spent in this place.
 B = Non-inter-level travel time spent in this place.
 C = Inter-level travel time spent in this place.
 D = Time resting spent in this place.
 E = Time spent auto-exploring this place.
 F = Levels seen in this place.
 G = Mean time per level.
                   A        B        C        D        E       F      G
               +--------+--------+--------+--------+--------+-----+--------+
         Total |   3732 |   3605 |    127 |     30 |   2623 |   6 |  622.0 |
       Dungeon |   3312 |   3185 |    127 |      0 |   2465 |   5 |  662.4 |
       Ossuary |    419 |    419 |      0 |     30 |    158 |   1 |  419.0 |
               +--------+--------+--------+--------+--------+-----+--------+

Top non-repeatable levels by time:
     D:4: 960 daAuts
     D:1: 854 daAuts
     D:3: 713 daAuts
     D:2: 658 daAuts
 Ossuary: 419 daAuts
     D:5: 125 daAuts
